 Dungeon Crawl Stone Soup version 0.30-a0-339-g89bb51ec76 (webtiles) character file.

Game seed: 6441644880998023046

18 Salna the Sneak (level 2, -2/25 HPs)
             Began as a Djinni Delver on Oct 31, 2022.
             Slain by a gnoll
             ... wielding a +0 spear
              (8 damage)
             ... on level 4 of the Dungeon.
             The game lasted 00:01:47 (328 turns).

Salna the Sneak (Djinni Delver)                      Turns: 328, Time: 00:01:47

Health: -2/25      AC:  3    Str: 11    XL:     2   Next: 90%
Gold:   21         EV: 12    Int: 11    God:
                   SH:  0    Dex: 14

rFire   + + .      SeeInvis .    a - +0 falchion
rCold   x . .      Faith    .    (no shield)
rNeg    . . .      Spirit   .    b - +0 leather armour
rPois   ∞          Reflect  .    (no helmet)
rElec   .          Harm     .    (no cloak)
rCorr   .          Rampage  .    (no gloves)
Will    .....                    (boots unavailable)
Stlth   ++........               (no amulet)
HPRegen 0.24/turn                (no ring)
MPRegen 0.00/turn                (no ring)

@: flying
A: sickness immunity, fire resistance 2, cold vulnerability 1, float, innate
caster, HP casting, extra vitality 1
a: no special abilities


You were on level 4 of the Dungeon.
You visited 1 branch of the dungeon, and saw 2 of its levels.

You collected 21 gold pieces.

Inventory:

Hand Weapons
 a - a +0 falchion (weapon)
Armour
 b - a +0 leather armour (worn)
Wands
 g - a wand of digging (3)
Scrolls
 c - a scroll of fog
 d - a scroll of magic mapping
 e - a scroll of fear
 j - a scroll of identify {unknown}
 k - a scroll of enchant weapon {unknown}
Potions
 f - a potion of haste
 h - a potion of cancellation {unknown}
 i - a potion of berserk rage {unknown}


   Skills:
 + Level 3.3 Fighting
 - Level 2.0 Long Blades
 - Level 2.4 Dodging
 - Level 4.2 Stealth
 + Level 0.4 Spellcasting


You had one spell level left.
You didn't know any spells.
Your spell library was empty.

Dungeon Overview and Level Annotations

Branches:
Dungeon (5/15)
 Temple: D:4-7

Altars:

Shops:
D:4 *


Innate Abilities, Weirdness & Mutations

You are immune to sickness and miasma.
You are immune to poison.
Your flesh is very heat resistant. (rF++)
You are vulnerable to cold. (rC-)
You float through the air rather than walking.
You learn spells naturally, not from books.
Your magical power is your life essence.
You have superior vitality. (+4 MHP)


Message History

The adder is almost dead.
The adder bites you. The adder bites you but does no damage.
You hit the adder.
You kill the adder!
No target in view!
No target in view!
No target in view!
No target in view!
No target in view!
No target in view!
No target in view!
No target in view!
No target in view!
No target in view!
No target in view!
No target in view!
You reach down and open the door.
There is an open door here.
You don't know any spells.
You see here a +0 dagger.
You see here 3 stones.
You reach down and open the door.
An orc comes into view. It is wielding a +0 flail.
Found 3 stones.
A jelly comes into view.
There is an open door here.
An orc comes into view. It is wielding a +0 flail.
There is an open door here.
The orc shouts!
The gnoll barely misses you.
You closely miss the gnoll. The gnoll attacks as you move away!
The gnoll misses you.
The gnoll shouts!
The gnoll hits you with a +0 flail.
The gnoll hits you from afar with a +0 spear.
The gnoll attacks as you move away! The gnoll hits you with a +0 flail!
* * * LOW HITPOINT WARNING * * *
The gnoll closely misses you.
The gnoll hits you from afar with a +0 spear!
You die...

# #........# # #.###.##.# #.# #
# ##.##.# #.# # #..##.# #.#
#.##.###.# #.# #........# #.#
#+## ####.##### #.# #...## ###.#
#.### #.....# ##.#.# ##@#.##
##.......
###....########..g..####.(......
..............gg.......'.......o
##..(....######.#...####........
#.#.#.#.# #.##.## ##.......
#.#...#.# #.#### #..J..#
#.......# #.# #...## ###.#####
#.# #+## #.# #.#


You could see 3 gnolls.

Vanquished Creatures
  An adder (D:4)
  A worm (D:4)
  A dart slug (D:4)
  An endoplasm (D:4)
  A giant cockroach (D:4)
  A goblin (D:4)
6 creatures vanquished.

Notes
Turn   | Place    | Note
-------+----------+-------------------------------------------
     0 | D:5      | Salna the Djinni Delver began the quest for the Orb.
     0 | D:5      | Reached XP level 1. HP: 20/20 MP: 0/0
     4 | D:4      | Found Hyxeirchuta's Assorted Antiques.
   161 | D:4      | Reached XP level 2. HP: 22/25 MP: 0/0
   328 | D:4      | Slain by a gnoll

Illustrated notes

Levels and vault maps discovered:
D:4:      layout_loops_corners, ebering_ghost_disaster_area, serial_shops, shop,
          minmay_distorted
D:5:      layout_basic, nicolae_qazlal_general_emergency,
          minmay_temple_entry_hall

Skill      XL: |  1 |
---------------+----+-----
Long Blades    | 2 |  2.0
Fighting       | |  3.3
Dodging        | |  2.4
Stealth        | |  4.2
Spellcasting   | |  0.4

Action                   || total
-------------------------++-------
Melee: Falchion          ||    30
 Stab: Sleeping          ||     4
Armor: Leather armour    ||     4
Dodge: Dodged            ||    14

Table legend: (Time is in decaauts)
 A = Elapsed time spent in this place.
 B = Non-inter-level travel time spent in this place.
 C = Inter-level travel time spent in this place.
 D = Time resting spent in this place.
 E = Time spent auto-exploring this place.
 F = Levels seen in this place.
 G = Mean time per level.
                   A        B        C        D        E       F      G
               +--------+--------+--------+--------+--------+-----+--------+
         Total |    334 |    321 |     13 |      0 |    153 |   2 |  167.0 |
       Dungeon |    334 |    321 |     13 |      0 |    153 |   2 |  167.0 |
               +--------+--------+--------+--------+--------+-----+--------+

Top non-repeatable levels by time:
     D:4: 330 daAuts
     D:5: 4 daAuts
